Map: Dusk Towers

Players

LilDicky

  • Race: Protoss Protoss
  • League: Diamond

RNA - Winner!

  • Race: Terran Terran
  • League: Diamond

VOD

http://www.twitch.tv/tumescentpie

Description

Time

  • Played on: Jan. 5, 2016, 12:17 a.m.
  • Length: 10:05
Show
View Real Time Build Order
Export as new Build Order

LilDicky Protoss 

Build Orders: Dark Templar Rush 

Get SALT Encoding   

  12  0:03  Probe (Chrono Boost)  
  13  0:14  Probe (Chrono Boost)  
  14  0:19  Pylon  
  14  0:24  Probe (Chrono Boost)  
  15  0:37  Probe (Chrono Boost)  
  15  0:38  Gateway  
  16  0:48  Probe (Chrono Boost)  
  17  0:58  Probe (Chrono Boost)  
  17  0:59  Assimilator  
  18  1:09  Probe (Chrono Boost)  
  19  1:13  Pylon  
  19  1:19  Probe (Chrono Boost)  
  20  1:29  Cybernetics Core  
  20  1:30  Pylon  
  20  1:32  Probe (Chrono Boost)  
  21  1:37  Assimilator  
  21  1:42  Probe (Chrono Boost)  
  22  1:57  Probe (Chrono Boost)  
  23  2:05  Stalker  
  25  2:18  Twilight Council  
  25  2:19  Probe (Chrono Boost)  
  25  2:20  Warp Gate (Chrono Boost)  
  27  2:30  Probe (Chrono Boost)  
  27  2:34  Gateway x2  
  27  2:40  Probe (Chrono Boost)  
  28  2:51  Mothership Core  
  30  3:09  Pylon  
  30  3:17  Dark Shrine  
  30  3:37  Probe, Pylon  
  31  3:41  Nexus  
  31  4:10  Resonating Glaives (Chrono Boost)  
  31  4:19  Pylon  
  31  4:32  Probe  
  32  4:39  Robotics Facility  
  32  4:43  Gateway  
  32  4:44  Probe  
  33  4:45  Gateway  
  33  4:46  Pylon  
  33  4:56  Probe, Gateway  
  34  5:09  Dark Templar x3  
  34  5:13  Probe  
  41  5:18  Probe  
  41  5:19  Assimilator  
  42  5:23  Assimilator  
  42  5:42  Dark Templar x2  
  46  5:44  Zealot  
  46  6:05  Dark Templar  
  20  6:41  Pylon  
  20  6:42  Dark Templar  
  20  6:46  Nexus  
  15  7:25  Assimilator  
  15  7:29  Zealot  
  17  7:31  Assimilator  
  17  7:41  Nexus  
  17  8:08  Assimilator  
  17  9:09  Probe  
  14  9:42  Dark Templar  
Show
View Real Time Build Order
Export as new Build Order

RNA Terran - Winner!

Build Orders:  

Get SALT Encoding   

  12  0:01  SCV  
  13  0:18  SCV  
  13  0:19  Supply Depot  
  14  0:30  SCV  
  15  0:42  Barracks  
  15  0:45  SCV  
  16  0:55  Supply Depot  
  16  0:57  SCV  
  17  1:10  SCV  
  18  1:27  Command Center  
  18  1:29  SCV  
  19  1:33  Marine  
  20  1:41  SCV  
  21  1:48  Barracks  
  21  1:57  Marine  
  21  1:58  SCV  
  23  2:04  Barracks  
  23  2:11  SCV  
  24  2:18  Barracks, Marine  
  25  2:28  Supply Depot, SCV  
  26  2:37  Marine  
  26  2:40  SCV  
  26  2:41  SCV  
  26  2:42  Marine  
  30  2:53  SCV  
  30  2:54  Orbital Command  
  30  2:55  Marine  
  32  3:02  Marine  
  32  3:03  Marine  
  34  3:08  Marine  
  34  3:10  SCV  
  36  3:12  Marine  
  36  3:15  Refinery  
  37  3:20  Marine x2  
  37  3:22  SCV  
  37  3:24  Refinery  
  40  3:27  Supply Depot  
  40  3:29  Marine  
  40  3:34  SCV, Marine  
  42  3:40  SCV  
  44  3:45  Marine  
  44  3:46  Marine  
  44  3:47  Orbital Command  
  46  3:49  Marine  
  46  3:52  SCV, Marine  
  49  4:01  Refinery  
  49  4:03  Marine  
  49  4:04  Marine  
  49  4:07  Marine  
  49  4:08  Engineering Bay  
  49  4:09  Marine  
  53  4:21  Marine x2  
  55  4:24  Marine  
  55  4:25  Engineering Bay  
  55  4:27  SCV  
  55  4:28  Factory  
  55  4:30  SCV  
  58  4:37  Supply Depot  
  58  4:38  Marine  
  58  4:40  Barracks Tech Lab  
  58  4:41  Supply Depot  
  58  4:42  Terran Infantry Weapons Level 1  
  59  4:48  Missile Turret  
  59  4:51  Missile Turret, Marine  
  60  5:01  SCV  
  60  5:08  Marine x3  
  60  5:09  Marine  
  64  5:15  Combat Shields  
  64  5:19  Refinery  
  64  5:21  SCV  
  65  5:25  Marine  
  65  5:28  Factory Tech Lab  
  67  5:29  Barracks Reactor  
  67  5:30  Marine  
  67  5:31  Marine  
  67  5:33  SCV  
  69  5:40  SCV  
  70  5:45  SCV  
  70  5:46  Marine  
  70  5:47  Armory  
  70  5:48  Marine  
  70  5:49  Marine  
  74  5:52  SCV  
  72  5:57  SCV  
  72  6:04  SCV  
  64  6:06  Marine x3  
  64  6:09  SCV  
  54  6:16  SCV  
  51  6:21  SCV  
  41  6:48  Orbital Command  
  41  7:28  Orbital Command  
  41  7:48  Supply Depot  
  41  8:18  Orbital Command  
  38  8:34  Engineering Bay  
  37  8:55  Supply Depot  
  37  9:00  Missile Turret  
  37  9:05  Missile Turret  
  37  9:23  Supply Depot  
  37  9:27  Supply Depot  
  37  9:44  SCV  
  38  9:48  Missile Turret  
Tags
 
Add a new tag
Caveats
  • Supply blocks, unpowered buildings, or Contaminate may cause inaccurate times.
  • Supply counts are checked every 10 seconds.